 Dungeon Crawl Stone Soup version 0.32-a0-868-g153ae1a8d6 (webtiles) character file.

Game seed: 12248302790695204405

12311 jestert79 the Gouger (level 11, 6/53 HPs)
             Began as a Felid Shapeshifter on Mar 28, 2024.
             Was a Priest of Dithmenos.
             Quit the game on level 11 of the Dungeon.
             The game lasted 00:57:25 (13428 turns).

jestert79 the Gouger (Felid Shapeshifter)          Turns: 13428, Time: 00:57:26

Health: 6/53       AC:  6    Str: 10    XL:     11   Next: 60%
Magic:  13/13      EV: 26    Int: 21    God:    Dithmenos [***...]
Gold:   156        SH:  0    Dex: 19    Spells: 9/12 levels left
                                        Lives:  0   Deaths: 2

rFire   . .          .
                       - Unarmed
rCold   . . .        (shield unavailable)
rNeg    . . .        (body armour unavailable)
rPois   .            (helmet unavailable)
rElec   .            (cloak unavailable)
rCorr   .            (gloves unavailable)
SInv    +            (boots unavailable)
Will    +....        (no amulet)
Stlth   ++           i - +6 ring of intelligence
HPRegen 0.28/turn    t - +4 ring of protection
MPRegen 0.13/turn

%: no passive effects
@: flux-form, glowing
A: glow, contaminating, very small, claws 1, fangs 3, see invisible, shaggy fur
2, stealthy paws, no weapons or thrown items, no armour, multi-lived
a: Begin Untransformation, Renounce Religion, Shadow Step


You were on level 11 of the Dungeon.
You worshipped Dithmenos.
Dithmenos was most pleased with you.
You were something dangerously unstable.
You visited 2 branches of the dungeon, and saw 12 of its levels.

You collected 604 gold pieces.
You spent 448 gold pieces at shops.

Inventory:

Jewellery
 i - a +6 ring of intelligence (left paw)
 t - a +4 ring of protection (right paw)
 v - a ring of fire
 w - a ring of fire
 x - a ring of willpower
 y - a +6 ring of strength
 z - a ring of willpower
Talismans
 b - a beast talisman
 c - a flux talisman (active)
 u - a blade talisman
Wands
 d - a wand of flame (19)
 e - a wand of mindburst (11)
 o - a wand of roots (27)
 q - a wand of charming (5)
Scrolls
 l - 7 scrolls of teleportation
 n - 2 scrolls of immolation
 A - 2 scrolls of torment
Potions
 a - 2 potions of lignification
 f - 4 potions of enlightenment
 g - a potion of berserk rage
 h - a potion of mutation {unknown}
 j - 5 potions of curing
 k - a potion of cancellation
 m - 3 potions of haste
 p - 2 potions of attraction
 r - 4 potions of resistance
 s - a potion of brilliance


   Skills:
 - Level 4.0 Fighting
 + Level 8.2 Dodging
 + Level 10.0 Stealth
 + Level 11.4 Unarmed Combat
 - Level 1.0 Spellcasting
 - Level 6.0 Hexes
 + Level 9.2 Shapeshifting


You had 9 spell levels left.
You knew the following spells:

 Your Spells              Type           Power      Damage    Failure   Level
a - Confusing Touch       Hex            26%        N/A       4%          3

Your spell library contained the following spells:

 Spells                   Type           Power      Damage    Failure   Level
 Slow                     Hex            100%       N/A       1%          1
 Inner Flame              Hex/Fire       13%        N/A       14%         3
 Cigotuvi's Dreadful Rot  Necr/Alch/Air  2%         N/A       24%         2
 Frozen Ramparts          Ice            2%         1d1       43%         3
 Ozocubu's Armour         Ice            1%         N/A       43%         3
 Vampiric Draining        Necr           1%         2d6       43%         3
 Metabolic Englaciation   Hex/Ice        6%         N/A       78%         5
 Ignite Poison            Fire/Alch      1%         N/A       85%         4
 Sticky Flame             Fire/Alch      1%         2d4       85%         4
 Freezing Cloud           Conj/Ice/Air   0%         6-21      99%         5
 Irradiate                Conj/Alch      0%         3d11      99%         5
 Ignition                 Fire           0%         3d3       100%        8


Dungeon Overview and Level Annotations

Branches:
Dungeon (11/15)            Temple (1/1) D:6            Lair (0/5) D:8
    Orc (0/2) D:11

Altars:
Ashenzari
Cheibriados
Dithmenos
Elyvilon
Fedhas
Gozag
Hepliaklqana
Kikubaaqudgha
Makhleb
Nemelex Xobeh
Okawaru
Qazlal
Ru
Sif Muna
Trog
Uskayaw
Vehumet
Wu Jian
Xom
Yredelemnul
Zin
The Shining One

Shops:
D:2 =*[[   D:5 **   D:7 *   D:8 *   D:9 :

Annotations:
D:7 exclusion: hornet
D:11 Nergalle


Innate Abilities, Weirdness & Mutations

You are something dangerously unstable.
You glow with magical radiation, making you easy to see and hit.
Foes you strike become dangerously contaminated with magical radiation.
You have sharp claws.
You have razor-sharp teeth.
You have supernaturally acute eyesight. (SInv)
You are covered in thick fur. (AC +2)
Your paws help you pounce on unaware monsters.
You are incapable of wielding weapons or throwing items.
You cannot wear armour.
You gain extra lives every three experience levels.


Message History

You are too injured to fight recklessly!
You are too injured to fight recklessly!
You are too injured to fight recklessly!
You are too injured to fight recklessly!
You are too injured to fight recklessly!
You are too injured to fight recklessly!
You are too injured to fight recklessly!
You are too injured to fight recklessly!
You are too injured to fight recklessly!
The troll closely misses you. The troll completely misses you.
The troll closely misses you. Nergalle attacks as she pursues you!
Nergalle misses you. The troll attacks as it pursues you! The troll bites you!
* * * LOW HITPOINT WARNING * * *
The troll completely misses you. The troll barely misses you.
Nergalle attacks as she pursues you! Nergalle completely misses you.
The troll attacks as it pursues you! The troll bites you.
* * * LOW HITPOINT WARNING * * *
The troll completely misses you. The troll claws you.
* * * LOW HITPOINT WARNING * * *
Nergalle attacks as she pursues you! Nergalle hits you with a +0 dagger.
* * * LOW HITPOINT WARNING * * *
Nergalle calls out: "Blodwig, Zorug, Wulfoc - to me!"
The long-dead rise up around you.
You claw the spectral orc warrior!
The spectral orc warrior begins to glow.
The spectral orc warrior is moderately damaged.
The troll completely misses you. The troll barely misses you.
The troll claws you but does no damage.
Okay, then.
There are monsters nearby!
Okay, then.
Okay, then.
Level annotation: Nergalle Welcome back, jestert79 the Felid Shapeshifter.
Dithmenos says: Spread the eternal night.
Press ? for a list of commands and other information.
Unknown command.
Unknown command.
Are you sure you want to abandon this character and quit the game? (Confirm with "yes".)

..........###.# #..#
<........###...# #..#
........###..... #..#
.....#..##......##..#
....#..###.......#..#
......## ...........#
.....## .....Z.....#
....## .......To..#
...## .......p...#
..## .......Z.Z.# .##
.......##..# #
.....## #..# # ..###
#..# # ## ..# # .# ##
.##


You could see Nergalle (contam), a spectral orc warrior (summoned, contam), 2
spectral orc knights and a troll.

Vanquished Creatures
  Erolcha (D:9)
  2 two-headed ogres
  2 tengu warriors (D:9)
  A gargoyle (D:11)
  A kobold demonologist (D:10)
  A komodo dragon (D:8)
  2 trolls
  A hornet (D:9)
  Prince Ribbit (D:7)
  Sigmund (D:4)
  A vampire (D:9)
  A shadow (D:11)
  2 wyverns (D:7)
  3 wraiths
  11 yaks
  2 vampire mosquitoes (D:11)
  2 steam dragons (D:8)
  Edmund (D:5)
  An acid dragon (D:11)
  Duvessa (D:5)
  3 swamp worms (D:7)
  A water moccasin (D:8)
  2 black bears (D:8)
  An orc warrior (D:9)
  An ogre (D:5)
  5 centaurs
  Blork the orc (D:5)
  4 kobold brigands
  2 scorpions (D:8)
  3 bullfrogs
  12 wights
  Dowan (D:5)
  11 killer bees
  9 howler monkeys
  2 hounds (D:4)
  3 orc priests
  A gnoll bouda (D:6)
  4 iguanas
  A jelly (D:5)
  2 sleepcaps (D:7)
  6 orc wizards
  12 gnolls
  3 adders
  2 white imps (D:7)
  2 ufetubi (D:5)
  5 dart slugs
  18 orcs
  8 bats
  5 endoplasms
  3 giant cockroaches
  6 goblins
  4 hobgoblins
  4 quokkas
  4 ball pythons
  2 frilled lizards
  18 kobolds
  6 rats
215 creatures vanquished.

Vanquished Creatures (collateral kills)
  A killer bee (D:10)
1 creature vanquished.

Vanquished Creatures (others)
  A two-headed ogre (D:11)
  3 killer bees (D:10)
4 creatures vanquished.

Grand Total: 220 creatures vanquished

Notes
Turn   | Place    | Note
-------+----------+-------------------------------------------
     0 | D:1      | jestert79 the Felid Shapeshifter began the quest for the
                  | Orb.
     0 | D:1      | Reached XP level 1. HP: 10/10 MP: 2/2
   137 | D:1      | Reached XP level 2. HP: 7/14 MP: 3/3
   143 | D:1      | Reached skill level 1 in Stealth
   492 | D:1      | Reached XP level 3. HP: 9/18 MP: 4/4
   990 | D:2      | Found Sumami's Jewellery Shoppe.
  1100 | D:2      | Found Kextudav's Assorted Antiques.
  1146 | D:2      | Found Ciuwun's Antique Armour Shop.
  1270 | D:2      | Found Buuv's Antique Armour Emporium.
  1857 | D:2      | Reached XP level 4. HP: 22/22 MP: 5/5
  1857 | D:2      | Gained a life (2 lives remaining)
  2344 | D:2      | Bought a silver wand for 116 gold pieces
  2388 | D:3      | Found a faded altar of an unknown god.
  3049 | D:4      | Noticed Sigmund
  3269 | D:4      | Reached XP level 5. HP: 25/25 MP: 6/6
  3327 | D:4      | Killed Sigmund
  3328 | D:4      | Reached skill level 4 in Unarmed Combat
  3328 | D:4      | Gained mutation: You are covered in thick fur. (AC +2)
                  | [Felid growth]
  3328 | D:4      | Reached XP level 6. HP: 30/30 MP: 7/7
  3730 | D:4      | Reached skill level 5 in Shapeshifting
  4017 | D:5      | Entered Level 5 of the Dungeon
  4035 | D:5      | Noticed Dowan
  4044 | D:5      | HP: 1/30 [Dowan/puff of flame (6)]
  4155 | D:5      | Learned a level 3 spell: Confusing Touch
  4215 | D:5      | Noticed Duvessa
  4262 | D:5      | Killed Duvessa
  4263 | D:5      | Reached skill level 1 in Hexes
  4263 | D:5      | Reached XP level 7. HP: 25/33 MP: 8/8
  4268 | D:5      | Killed Dowan
  4269 | D:5      | Reached skill level 5 in Unarmed Combat
  4348 | D:5      | Noticed Edmund
  4360 | D:5      | Killed Edmund
  4475 | D:5      | Noticed Blork the orc
  4482 | D:5      | Killed Blork the orc
  4508 | D:5      | Found Qeapuly's General Store.
  4508 | D:5      | Found Cephaiduu's Specific Store.
  4789 | D:6      | Found a bloodstained altar of Trog.
  4789 | D:6      | Found a sparkling altar of Nemelex Xobeh.
  5108 | D:6      | Found a staircase to the Ecumenical Temple.
  5117 | Temple   | Entered the Ecumenical Temple
  5121 | Temple   | Became a worshipper of Dithmenos the Shadowed
  5167 | D:6      | Reached XP level 8. HP: 8/37 MP: 9/9
  5301 | D:6      | Found an ancient bone altar of Kikubaaqudgha.
  5885 | D:6      | Reached skill level 1 in Spellcasting
  6510 | D:7      | Found Fyibeod's Mass Market.
  6687 | D:7      | Reached * piety under Dithmenos
  6688 | D:7      | Reached skill level 5 in Stealth
  6688 | D:7      | Reached skill level 6 in Unarmed Combat
  7187 | D:7      | Noticed a hornet
  7590 | D:7      | Noticed Prince Ribbit
  7600 | D:7      | Killed Prince Ribbit
  7692 | D:7      | Reached skill level 5 in Dodging
  7692 | D:7      | Reached XP level 9. HP: 38/44 MP: 8/11
  7876 | D:7      | Reached skill level 7 in Unarmed Combat
  8113 | D:2      | Bought a blade talisman for 300 gold pieces
  8269 | D:8      | Noticed a komodo dragon
  8392 | D:8      | Reached skill level 8 in Unarmed Combat
  8654 | D:8      | Found Sazing's General Store.
  8664 | D:8      | Bought a scroll of identify for 32 gold pieces
  8703 | D:8      | Reached skill level 9 in Unarmed Combat
  8726 | D:8      | Reached skill level 10 in Unarmed Combat
  9154 | D:8      | Reached XP level 10. HP: 48/49 MP: 8/12
  9335 | D:8      | Reached ** piety under Dithmenos
  9636 | D:8      | Found a staircase to the Lair.
 10099 | D:9      | Noticed Erolcha
 10412 | D:9      | Killed Erolcha
 10413 | D:9      | Reached skill level 5 in Hexes
 10856 | D:9      | Found Vecenn's Book Emporium.
 10917 | D:9      | Noticed a tengu warrior
 10939 | D:9      | Killed a tengu warrior
 10940 | D:9      | Reached XP level 11. HP: 34/53 MP: 7/13
 11075 | D:9      | Noticed a tengu warrior
 11204 | D:9      | Found an ornate altar of the Wu Jian Council.
 11205 | D:9      | Found a basalt altar of Yredelemnul.
 11329 | D:9      | Killed a tengu warrior
 11527 | D:10     | Entered Level 10 of the Dungeon
 11618 | D:10     | Reached skill level 11 in Unarmed Combat
 11679 | D:10     | Reached *** piety under Dithmenos
 11898 | D:10     | Noticed a sun demon
 11923 | D:10     | Noticed a two-headed ogre
 12043 | D:10     | Demolished by a two-headed ogre
 12043 | D:10     | Lost a life (1 life remaining)
 12316 | D:10     | Killed a two-headed ogre
 12882 | D:10     | Found an opulent altar of Gozag.
 13127 | D:11     | Found a staircase to the Orcish Mines.
 13169 | D:11     | Noticed a brown ugly thing
 13169 | D:11     | Noticed a two-headed ogre
 13170 | D:11     | Noticed a two-headed ogre
 13174 | D:11     | Noticed Nergalle
 13178 | D:11     | Noticed a centaur warrior
 13253 | D:11     | Killed a two-headed ogre
 13308 | D:11     | Reached skill level 10 in Stealth
 13385 | D:11     | HP: 2/53 [centaur warrior (4)]
 13395 | D:11     | HP: 1/50 [centaur warrior (3)]
 13400 | D:11     | Slain by a centaur warrior
 13400 | D:11     | Lost a life (0 lives remaining)
 13428 | D:11     | Quit the game

Illustrated notes

Levels and vault maps discovered:
D:1:      psy_arrival_radial01, layout_basic, solitary_fountain,
          grunt_decor_cap, minmay_small_reverse_x
D:2:      layout_loops_corners, serial_shops, nicolae_square_shop,
          nicolae_lakefront_shop, shop, nicolae_shop_hallway_stairs,
          dk_noncrumbling_2
D:3:      layout_loops_ring, basic_ecumenical_altar, kennysheep_crisscross,
          st_stairs_4, lightli_corner_chamber
D:4:      layout_cave_pools, uniq_sigmund
D:5:      layout_basic, nicolae_specific_store, minmay_misc_feat_rows,
          uniq_duvessa, uniq_edmund, uniq_blork_the_orc
D:6:      layout_basic, chequers_temple_overflow_statue_of_worship,
          mainiacjoe_overflow_catwalk, minmay_temple_entry_antechambers
D:7:      layout_gridville, minmay_shop_mass, worms_lemuel, uniq_prince_ribbit1
D:8:      layout_rooms, grunt_lair_entry_orc_guard_hut, serial_shops,
          nicolae_square_shop, glass_columns_c
D:9:      layout_irregular_city, gammafunk_temple_overflow_statue, serial_shops,
          nicolae_shop_waterfront, uniq_erolcha
D:10:     layout_basic, lemuel_tele_altar
D:11:     layout_cave_pods, orc_0_dummy, minmay_joined_circles, uniq_nergalle
Temple:   kb_temple_of_zot

Skill      XL: |  1  2  3  4  5  6  7  8  9 10 11 |
---------------+----------------------------------+-----
Dodging        | 3 5 6 8 |  8.2
Stealth        | 1 2 3 4 5 8 10 | 10.0
Shapeshifting  | 3 4 5 6 7 8 9 |  9.2
Unarmed Combat | 4 5 6 10 11 | 11.4
Hexes          | 1 3 4 5 6 |  6.0
Spellcasting   | 1 |  1.0
Fighting       | 3 4 |  4.0

Action                     |  1- 3 |  4- 6 |  7- 9 | 10-12 || total
---------------------------+-------+-------+-------+-------++-------
  Melee: Unarmed           |    76 |   119 |   225 |   349 ||   769
         Bite              |     2 |     7 |    38 |    57 ||   104
         Punch             |     1 |     3 |    12 |     7 ||    23
   Cast: Confusing Touch   |       |       |    36 |    31 ||    67
  Evoke: Wand              |       |     8 |    13 |    21 ||    42
    Use: Scroll            |       |    11 |     8 |     3 ||    22
         Potion            |       |     2 |     1 |     3 ||     6
   Stab: Sleeping          |     8 |     7 |     3 |     2 ||    20
         Invisible         |       |       |     1 |       ||     1
         Confused          |       |       |    24 |    18 ||    42
 Armour: Skin              |    16 |    40 |    69 |   112 ||   237
  Dodge: Dodged            |    39 |   108 |   163 |   395 ||   705
   Form: Flux              |       |       |       |     1 ||     1

Table legend: (Time is in decaauts)
 A = Elapsed time spent in this place.
 B = Non-inter-level travel time spent in this place.
 C = Inter-level travel time spent in this place.
 D = Time resting spent in this place.
 E = Time spent auto-exploring this place.
 F = Levels seen in this place.
 G = Mean time per level.
                   A        B        C        D        E       F      G
               +--------+--------+--------+--------+--------+-----+--------+
         Total |  13363 |  12246 |   1117 |   2309 |   5316 |  12 | 1113.6 |
       Dungeon |  13354 |  12237 |   1117 |   2309 |   5316 |  11 | 1214.0 |
        Temple |      8 |      8 |      0 |      0 |      0 |   1 |    8.0 |
               +--------+--------+--------+--------+--------+-----+--------+

Top non-repeatable levels by time:
     D:7: 1896 daAuts
     D:6: 1805 daAuts
     D:8: 1459 daAuts
     D:2: 1448 daAuts
    D:10: 1390 daAuts
     D:9: 1297 daAuts
     D:1: 1002 daAuts
     D:4: 887 daAuts
     D:3: 846 daAuts
     D:5: 836 daAuts
    D:11: 483 daAuts
  Temple: 8 daAuts
